 Dungeon Crawl Stone Soup version 0.32-a0-921-g04a7ad8e02 (webtiles) character file.

Game seed: 17716857589673795718

131 Autsider the Trooper (level 5, -7/39 (43) HPs)
             Began as a Formicid Fighter on Apr 11, 2024.
             Killed by nerve-wracking pain
             ... invoked by an orc priest
              (14 damage)
             ... on level 3 of the Dungeon.
             The game lasted 00:05:19 (1791 turns).

Autsider the Trooper (Formicid Fighter)             Turns: 1791, Time: 00:05:20

HP:   -7/39 (43)    AC: 14    Str: 23    XL:     5   Next: 37%
MP:   5/5           EV:  5    Int:  7    God:
Gold: 85            SH:  4    Dex: 13    Spells: 4/4 levels left

rFire   . . .        n - +2 hand axe (freeze)
rCold   . . .        c - +0 buckler
rNeg    . . .        e - +1 plate armour
rPois   .            (helmet unavailable)
rElec   .            o - +0 cloak
rCorr   .            g - +0 pair of gloves
SInv    +            (no boots)
Will    .....        (no amulet) Stlth
                     (no ring)
HPRegen 0.26/turn    (no ring)
MPRegen 0.09/turn

%: no passive effects
@: drained
A: permanent stasis, dig shafts and tunnels, antennae 3, four strong arms
a: Dig, Shaft Self, Convert to Beogh


You were on level 3 of the Dungeon.
You visited 1 branch of the dungeon, and saw 3 of its levels.

You collected 85 gold pieces.

Inventory:

Hand Weapons
 a - a +0 war axe
 n - a +2 hand axe of freezing (weapon)
Missiles
 k - a throwing net
 p - 6 poisoned darts
 r - 2 boomerangs
Armour
 c - a +0 buckler (worn)
 e - a +1 plate armour (worn)
 g - a +0 pair of gloves (worn)
 o - a +0 cloak (worn)
Potions
 b - a potion of curing {unknown}
 d - 2 potions of might
 f - a potion of brilliance
 h - a potion of resistance {unknown}
 j - a potion of heal wounds {unknown}
 q - 2 potions of magic
 s - a potion of attraction {unknown}
 u - a potion of haste {unknown}


   Skills:
 + Level 4.4 Fighting
 * Level 4.3 Axes
 - Level 3.2 Armour
 - Level 4.0 Shields


You had 4 spell levels left.
You didn't know any spells.
Your spell library contained the following spells:

 Spells                   Type           Power      Damage    Failure   Level
 Slow                     Hex            0%         N/A       100%        1
 Call Imp                 Summ           0%         N/A       100%        2
 Sublimation of Blood     Necr           0%         N/A       100%        2
 Arcjolt                  Conj/Air       0%         1d10      100%        5
 Summon Hydra             Summ           0%         N/A       100%        7
 Maxwell's Capacitive Co  Air            0%         ∞         100%        8
 Maxwell's Portable Pile  Tloc           Unusable   2d(5-13)  N/A         3

Dungeon Overview and Level Annotations

Branches:
Dungeon (3/15)

Altars:

Annotations:
D:2 exclusion: downstairs


Innate Abilities, Weirdness & Mutations

You cannot be hasted, slowed, berserked, paralysed or teleported.
You can dig through walls and to a lower floor.
You have a pair of large antennae on your head. (SInv)
Your four strong arms can wield two-handed weapons with a shield.


Message History

You are too injured to fight recklessly!
You are too injured to fight recklessly!
You are too injured to fight recklessly!
You are too injured to fight recklessly!
You are too injured to fight recklessly!
You are too injured to fight recklessly!
You hit the orc wizard. You freeze the orc wizard.
You kill the orc wizard!
You hit the orc. You freeze the orc.
You kill the orc!
The orc hits you but does no damage.
Items here: $ ( )) [[.
The orc hits you with a +0 morningstar of protection.
You hit the orc. You freeze the orc.
You kill the orc!
You closely miss the orc priest.
The orc priest hits you but does no damage.
You barely miss the orc priest.
The orc priest hits you but does no damage.
The orc priest hits you with a +0 flail.
* * * LOW HITPOINT WARNING * * *
The orc priest shouts, "Beogh offers mercy even to people such as you.
Join us and be reborn!" (press Y on the ability menu to convert to Beogh)
You hit the orc priest but do no damage.
The orc priest invokes the aid of Beogh against you.
You struggle to resist.
You barely miss the orc priest.
The orc priest calls down the wrath of Beogh upon you.
Beogh smites you!
* * * LOW HITPOINT WARNING * * *
You closely miss the orc priest. The orc priest barely misses you.
You closely miss the orc priest.
The orc priest shouts, "The Pantheon deserves no one's loyalty.
Let us show you the true path!"
The orc priest shouts, "Beogh offers mercy even to people such as you.
Join us and be reborn!"
The orc priest hits you but does no damage.
You completely miss the orc priest. You block the orc priest's attack.
You hit the orc priest but do no damage.
The orc priest calls down the wrath of Beogh upon you.
Pain shoots through your body!
You die...

### #@## .# ## ##o# #.#
.. ##########.## #.# #
#. #........o## ##.##.#
#. # #.#######.#
##...#.#####. # #.# #.#
......##.... # #.#
#####)######...#.##....
### #.#
#...........o.......##.
..#
#.###.###.#######.##.##.
#g


You could see an orc priest.

Vanquished Creatures
  An orc priest (D:2)
  An orc wizard (D:3)
  2 adders
  A dart slug (D:2)
  6 orcs
  4 bats (D:2)
  3 endoplasms
  A giant cockroach (D:2)
  8 goblins
  4 hobgoblins
  2 jackals (D:2)
  A quokka (D:3)
  4 ball pythons
  5 frilled lizards (D:2)
  3 kobolds
  3 rats (D:1)
49 creatures vanquished.

Notes
Turn   | Place    | Note
-------+----------+-------------------------------------------
     0 | D:1      | Autsider the Formicid Fighter began the quest for the Orb.
     0 | D:1      | Reached XP level 1. HP: 18/18 MP: 1/1
   370 | D:1      | Reached XP level 2. HP: 19/24 MP: 2/2
   706 | D:2      | Reached XP level 3. HP: 21/30 MP: 3/3
   749 | D:2      | Found a faded altar of an unknown god.
   766 | D:2      | Got Plato's Information on Malisons
   789 | D:2      | Reached XP level 4. HP: 37/37 MP: 4/4
  1745 | D:3      | Reached XP level 5. HP: 41/42 MP: 5/5
  1791 | D:3      | Killed from afar by an orc priest

Illustrated notes

Levels and vault maps discovered:
D:1:      dpeg_arrival_shelter, layout_loops_cross,
          nicolae_houndstooth_variations
D:2:      minmay_diamond_boxcup, layout_loops_ring,
          shapermc_ecumenical_altar_rom_forum, dk_vineyard_3,
          amcnicky_mini_pool_small, minmay_lizard_pond
D:3:      minmay_inner_zag, layout_loops_corners, uniq_jessica, uniq_robin

Skill      XL: |  1  2  3  4 |
---------------+-------------+-----
Axes           | 3 4 |  4.3
Fighting       | 4 |  4.4
Armour         | |  3.2
Shields        | |  4.0

Action                     |  1- 3 |  4- 6 || total
---------------------------+-------+-------++-------
  Melee: War axe           |    34 |       ||    34
         Hand axe          |    13 |    97 ||   110
Ability: Dig               |       |     2 ||     2
    Use: Scroll            |     2 |     7 ||     9
 Armour: Scale mail        |    32 |     1 ||    33
         Plate armour      |       |    82 ||    82
  Dodge: Dodged            |    17 |    24 ||    41
  Block: Buckler           |    15 |    18 ||    33

Table legend: (Time is in decaauts)
 A = Elapsed time spent in this place.
 B = Non-inter-level travel time spent in this place.
 C = Inter-level travel time spent in this place.
 D = Time resting spent in this place.
 E = Time spent auto-exploring this place.
 F = Levels seen in this place.
 G = Mean time per level.
                   A        B        C        D        E       F      G
               +--------+--------+--------+--------+--------+-----+--------+
         Total |   1820 |   1724 |     96 |     31 |   1260 |   3 |  606.7 |
       Dungeon |   1820 |   1724 |     96 |     31 |   1260 |   3 |  606.7 |
               +--------+--------+--------+--------+--------+-----+--------+

Top non-repeatable levels by time:
     D:2: 838 daAuts
     D:1: 690 daAuts
     D:3: 291 daAuts
